 Dungeon Crawl Stone Soup version 0.23-a0-650-ga4d50d4 (webtiles) character file.

395 Blackhawk the Chopper (level 6, -17/56 HPs)
             Began as a Hill Orc Monk on Jan 5, 2019.
             Was a Follower of Beogh.
             Killed from afar by Dowan (25 damage)
             ... with a shard of ice
             ... on level 4 of the Dungeon.
             The game lasted 00:07:52 (4592 turns).

Blackhawk the Chopper (Hill Orc Monk)               Turns: 4592, Time: 00:07:52

Health: -17/56     AC:  2    Str: 16    XL:     6   Next: 82%
Magic:  6/6        EV: 13    Int: 10    God:    Beogh [*.....]
Gold:   162        SH:  0    Dex: 13    Spells: 5/5 levels left

rFire    . . .     SeeInvis .   l - +1 whip (freeze)
rCold    . . .     Gourm    .   (no shield)
rNeg     . . .     Faith    .   b - +0 robe
rPois    +         Spirit   .   (no helmet)
rElec    .         Reflect  .   (no cloak)
rCorr    .         Harm     .   (no gloves)
MR       .....                  (no boots)
Stlth    ++........             (no amulet)
HPRegen  0.18/turn              i - ring of poison resistance
MPRegen  0.10/turn              (no ring)

@: no status effects
A: no striking features
a: Renounce Religion


You were on level 4 of the Dungeon.
You worshipped Beogh.
Beogh was aware of your devotion.
You were near starving.

You visited 1 branch of the dungeon, and saw 5 of its levels.

You collected 162 gold pieces.

Inventory:

Hand Weapons
 a - a +0 hand axe
 l - a +1 whip of freezing (weapon)
Missiles
 h - 2 throwing nets (quivered)
Armour
 b - a +0 robe (worn)
Jewellery
 i - a ring of poison resistance (left hand)
Wands
 p - a wand of random effects (21)
Scrolls
 d - a scroll of fog {unknown}
 e - 2 scrolls of immolation {unknown}
 f - 5 scrolls of teleportation {unknown}
 j - 5 scrolls of identify {unknown}
 k - 3 scrolls of remove curse {unknown}
 m - a scroll of enchant armour {unknown}
 o - a scroll of noise {unknown}
 r - a scroll of blinking {unknown}
Potions
 g - 4 potions of heal wounds {unknown}
 n - a potion of invisibility {unknown}
 q - a potion of curing {unknown}
 s - a potion of agility {unknown}
Comestibles
 c - 10 rations


   Skills:
 + Level 5.4 Fighting
 + Level 6.0 Axes
 + Level 3.7 Dodging
 + Level 3.3 Stealth


You had 5 spell levels left.
You didn't know any spells.
Your spell library was empty.

Dungeon Overview and Level Annotations

Branches:
Dungeon (5/15)
 Temple: D:4-7

Altars:
Ashenzari
Cheibriados
Fedhas
Okawaru
Ru
Sif Muna
Wu Jian
Zin

Annotations:
D:4 Dowan, Pikel
D:5 3 exclusions, Edmund


Message History

Dowan completely misses you.
You closely miss Dowan.
Dowan is moderately wounded.
Dowan hits you but does no damage.
You hit Dowan but do no damage.
Dowan is moderately wounded.
Dowan hits you with a +0 dagger.
* * * LOW HITPOINT WARNING * * *
You barely miss Dowan.
Dowan is moderately wounded.
Dowan hits you with a +0 dagger.
* * * LOW HITPOINT WARNING * * *
You hit Dowan. You freeze Dowan.
Dowan is severely wounded.
Dowan closely misses you.
You hit Dowan. You freeze Dowan.
Dowan is almost dead.
Dowan points at you and mumbles some strange words.
The shard of ice hits you!
You die...

#... ####.### #..# ...).
#....... #..# .... ########
#..# [... # #..# ##..# #### #
#..# #.$.. ... # #####..# #?..#
..######### # .......# #.(.#
#.#.......# # .....#.# #.e@#
#.#.#####.# #
####.#.##############.#.#####.#
#
#.#.#................รท.....###
#.#...############.#..........
#(###### #.##.......## #......#
#........#.# ######.#
####.###.#.# #.# #####
#(#...#.# #.# #...# #.#.###.#


You could see Dowan.

Vanquished Creatures
  Duvessa (D:5)
  A slave (D:4)
  A scorpion (D:5)
  A centaur skeleton (D:4)
  An orc wizard (D:3)
  A worker ant (D:5)
  6 adders
  A howler monkey skeleton (D:5)
  A shadow imp (D:5)
  4 worms
  A dart slug (D:2)
  A leopard gecko (D:2)
  4 orcs (D:3)
  A ball python (D:2)
  3 giant cockroaches
  7 goblins
  6 hobgoblins
  8 jackals
  5 quokkas
  8 bats
  4 frilled lizards
  A jackal zombie (D:1)
  5 kobolds
  A quokka zombie (D:1)
  4 rats
77 creatures vanquished.

Notes
Turn   | Place    | Note
-------+----------+-------------------------------------------
     0 | D:1      | Blackhawk the Hill Orc Monk began the quest for the Orb.
     0 | D:1      | Reached XP level 1. HP: 19/19 MP: 1/1
   214 | D:1      | Reached XP level 2. HP: 16/27 MP: 2/2
   891 | D:2      | Found a glowing silver altar of Zin.
   901 | D:2      | Found a deep blue altar of Sif Muna.
  1137 | D:2      | Reached XP level 3. HP: 33/33 MP: 3/3
  1278 | D:2      | Found a sacrificial altar of Ru.
  1651 | D:2      | Found an ornate altar of the Wu Jian Council.
  1703 | D:2      | Reached XP level 4. HP: 17/41 MP: 4/4
  2149 | D:2      | Found an iron altar of Okawaru.
  2246 | D:2      | Found a snail-covered altar of Cheibriados.
  2246 | D:2      | Found a shattered altar of Ashenzari.
  2413 | D:3      | Reached skill level 5 in Axes
  2413 | D:3      | Reached XP level 5. HP: 38/47 MP: 5/5
  3007 | D:3      | Found an iron altar of Okawaru.
  3637 | D:4      | Found a blossoming altar of Fedhas.
  3664 | D:4      | Became a worshipper of Beogh the Brigand
  3664 | D:4      | Reached * piety under Beogh
  3664 | D:4      | Reached ** piety under Beogh
  3750 | D:4      | Noticed Pikel
  3750 | D:4      | Noticed a slave
  3750 | D:4      | Noticed a slave
  3799 | D:4      | Killed a slave
  4094 | D:5      | Entered Level 5 of the Dungeon
  4109 | D:5      | Reached skill level 5 in Fighting
  4109 | D:5      | Reached XP level 6. HP: 37/56 MP: 6/6
  4482 | D:5      | Noticed Edmund
  4549 | D:5      | Noticed Duvessa
  4553 | D:5      | Noticed Dowan
  4567 | D:5      | Killed Duvessa
  4567 | D:5      | Reached skill level 6 in Axes
  4592 | D:4      | Killed from afar by Dowan

Vault maps used:
D:1:      saegor_arrival_fortress
D:2:      minmay_skewed_foursquare, gammafunk_temple_overflow_pools,
          nicolae_overflow_quartered_altars, lemuel_altar_in_water
D:3:      first_ration, small_statue_intersection, kennysheep_okawaru_gauntlet
D:4:      fedhas_altar_2, kennysheep_generic_room_2, uniq_pikel
D:5:      cheibrodos_barr_body, uniq_edmund, uniq_duvessa

Skill      XL: |  1  2  3  4  5  6 |
---------------+-------------------+-----
Fighting       | 4 5 |  5.4
Stealth        | 2 3 |  3.3
Dodging        | 3 |  3.7
Axes           | 5 6 |  6.0

Action                   |  1- 3 |  4- 6 || total
-------------------------+-------+-------++-------
Melee: Hand axe          |    83 |       ||    83
       Whip              |    37 |   197 ||   234
Invok: Smiting           |       |     1 ||     1
       Convert to Beogh  |       |     1 ||     1
 Stab: Sleeping          |     9 |       ||     9
  Eat: Chunk             |     3 |     7 ||    10
Armor: Robe              |    21 |    23 ||    44
Dodge: Dodged            |    80 |   116 ||   196

Table legend:
 A = Non-vault XP
 B = Vault XP
 C = Vault XP percentage of total XP
 D = Non-vault monster count
 E = Vault monster count
 F = Vault count percentage of total count
                 A         B        C        D         E       F
            +---------+---------+-------+---------+---------+-------
      Total |     403 |     162 |  28.7 |      67 |       9 |  11.8
            +---------+---------+-------+---------+---------+-------
        D:1 |      26 |       2 |   7.1 |      17 |       2 |  10.5
        D:2 |      79 |      11 |  12.2 |      21 |       5 |  19.2
        D:3 |     113 |       0 |   0.0 |      23 |       0 |   0.0
        D:4 |      54 |       2 |   3.6 |       2 |       1 |  33.3
        D:5 |     131 |     147 |  52.9 |       4 |       1 |  20.0
            +---------+---------+-------+---------+---------+-------
